AoeStats
← AxingQuestions

Arena

504620784Analyzed
4v4 RM · 26d ago on Sep 6, 2026· 45m 37s· 8 players
Game mode
Random Map
Map size
Large (8 player)
Population
200
Speed
Normal
Resources
Standard
Victory
Conquest
Starting age
Dark Age
Ending age
Imperial Age
RankedLock teamsTeams togetherTeam positionsShared explorationLock speedFull tech treeHidden civsTurbo modeCheats
Victory
Defeat
🇨🇳 Franks · China
1249
+11
🇨🇳 Malians · China
1238
+11
🇺🇸 Berbers · United States
1233
+11
🇨🇴 Persians · Colombia
1039
+18
🇧🇷 Khmer · Brazil
1151
-14
🇧🇷 Tatars · Brazil
1134
-13
🇺🇸 Mongols · United States
1123
-13
🇨🇱 Slavs · Chile
1069
-11
Lord Housedrick
11:18 Feudal Age
11:45 Double-Bit Axe
16:25 Castle Age
16:02 Horse Collar
18:41 Bow Saw
18:34 Heavy Plow
19:33 Wheelbarrow
18:45 Loom
18:46 Town Watch
19:39 Gold Mining
23:08 Bloodlines
22:59 Husbandry
24:56 Hand Cart
26:02 Scale Barding Armor
26:09 Forging
28:55 Chain Barding Armor
31:38 Imperial Age
29:11 Fletching
30:15 Stone Mining
31:59 Iron Casting
31:21 Bodkin Arrow
31:55 Treadmill Crane
32:25 Masonry
31:49 Elite Keshik
32:52 Conscription
33:12 Plate Barding Armor
32:42 Bodkin Arrow
33:17 Timurid Siegecraft
35:17 Chemistry
37:38 Blast Furnace
38:21 Heavy Camel Rider
40:13 Bracer
Locomaxi
10:58 Feudal Age
15:39 Castle Age
14:00 Double-Bit Axe
19:17 Bow Saw
20:00 Horse Collar
22:38 Heavy Plow
23:04 Loom
23:05 Town Watch
24:04 Gold Mining
26:00 Wheelbarrow
28:03 Husbandry
31:28 Imperial Age
29:29 Ballistics
29:53 Hand Cart
30:45 Detinets
31:01 Bloodlines
31:07 Scale Barding Armor
31:13 Forging
32:22 Chain Barding Armor
32:13 Town Patrol
32:36 Conscription
31:48 Heavy Scorpion
33:41 Iron Casting
32:48 Elite Boyar
35:10 Plate Barding Armor
34:41 Siege Engineers
34:37 Stone Mining
36:31 Blast Furnace
37:51 Chemistry
38:40 Pikeman
39:21 Squires
39:29 Scale Mail Armor
40:00 Crop Rotation
39:42 Halberdier
41:11 Chain Mail Armor
41:33 Fortified Wall
41:34 Masonry
42:30 Two-Man Saw
42:26 Plate Mail Armor
43:16 Druzhina
43:10 Fletching
44:03 Murder Holes
44:05 Bodkin Arrow
45:28 Padded Archer Armor
kneehao
9:42 Feudal Age
14:45 Castle Age
14:06 Horse Collar
18:35 Fletching
19:03 Loom
20:19 Double-Bit Axe
22:47 Gold Mining
24:21 Loom
25:50 Stone Mining
26:42 Bow Saw
26:37 Heavy Plow
27:19 Bodkin Arrow
28:05 Padded Archer Armor
29:47 Wheelbarrow
33:14 Leather Archer Armor
36:22 Imperial Age
34:35 Scale Barding Armor
34:43 Bloodlines
37:11 Forging
37:45 Husbandry
37:30 Pikeman
39:49 Town Watch
41:23 Squires
41:46 Scale Mail Armor
44:25 Chain Mail Armor
Knight_Cassian
4:43 Loom
10:49 Feudal Age
11:42 Double-Bit Axe
11:43 Horse Collar
15:15 Wheelbarrow
17:56 Castle Age
19:16 Fletching
21:20 Padded Archer Armor
23:43 Bodkin Arrow
23:57 Gold Mining
25:45 Bow Saw
34:21 Imperial Age
34:55 Forging
34:46 Scale Mail Armor
34:50 Pikeman
35:30 Halberdier
36:50 Iron Casting
40:26 Blast Furnace
39:42 Chain Mail Armor
41:50 Heavy Plow
AxingQuestions
10:42 Feudal Age
14:33 Castle Age
12:26 Stone Mining
13:08 Double-Bit Axe
14:01 Loom
14:11 Horse Collar
15:57 Bow Saw
18:10 Heavy Plow
20:33 Wheelbarrow
20:01 Gold Mining
22:37 Hand Cart
24:37 Gold Shaft Mining
24:37 Stone Shaft Mining
24:12 Town Watch
28:47 Kasbah
31:29 Imperial Age
30:06 Scale Barding Armor
29:52 Fletching
30:33 Fortified Wall
30:59 Ballistics
30:27 Treadmill Crane
31:25 Husbandry
31:37 Bloodlines
31:50 Chain Barding Armor
31:45 Forging
31:36 Bodkin Arrow
32:31 Conscription
32:04 Elite Camel Archer
33:55 Hoardings
34:25 Plate Barding Armor
33:54 Bracer
34:44 Iron Casting
35:09 Crop Rotation
34:18 Heavy Camel Rider
37:24 Blast Furnace
40:09 Chemistry
39:05 Murder Holes
39:22 Masonry
41:49 Caravan
42:59 Elite Genitour
43:46 Thumb Ring
43:52 Thumb Ring
Slayer
8:02 Loom
10:32 Feudal Age
15:37 Castle Age
14:11 Double-Bit Axe
14:35 Horse Collar
17:25 Gold Mining
25:09 Wheelbarrow
24:20 Town Watch
29:41 Imperial Age
27:39 Bloodlines
27:30 Husbandry
27:37 Scale Barding Armor
28:17 Forging
29:23 Chain Barding Armor
29:44 Iron Casting
29:28 Cavalier
30:52 Plate Barding Armor
32:15 Blast Furnace
32:04 Hand Cart
32:49 Conscription
33:18 Savar
34:27 Town Patrol
34:37 Kamandaran
34:29 Fletching
34:45 Padded Archer Armor
36:19 Bodkin Arrow
36:40 Leather Archer Armor
37:03 Crossbowman
37:49 Thumb Ring
41:06 Chemistry
40:19 Masonry
40:34 Heavy Plow
41:46 Ring Archer Armor
XHK
10:25 Feudal Age
14:20 Castle Age
12:14 Double-Bit Axe
15:25 Bow Saw
23:22 Wheelbarrow
23:32 Wheelbarrow
23:39 Gold Mining
25:40 Gold Shaft Mining
28:48 Imperial Age
27:00 Scale Barding Armor
27:19 Hand Cart
28:12 Chain Barding Armor
28:25 Husbandry
28:42 Forging
29:14 Loom
29:14 Town Watch
28:56 Cavalier
30:15 Plate Barding Armor
30:51 Chemistry
30:44 Paladin
31:54 Chivalry
32:51 Iron Casting
32:54 Conscription
35:06 Coinage
36:06 Blast Furnace
34:56 Fletching
36:48 Banking
38:50 Bodkin Arrow
39:21 Ballistics
39:07 Siege Engineers
41:16 Light Cavalry
42:33 Padded Archer Armor
42:36 Scale Mail Armor
41:57 Pikeman
42:37 Squires
42:23 Gambesons
42:24 Arson
45:00 Hoardings
菜菜
6:58 Loom
9:28 Feudal Age
14:18 Castle Age
12:44 Double-Bit Axe
13:21 Man-at-Arms
18:55 Scale Mail Armor
25:45 Horse Collar
27:40 Wheelbarrow
31:10 Hand Cart
31:24 Bow Saw
31:47 Stone Mining
31:48 Gold Mining
33:59 Forging
37:06 Imperial Age
35:00 Heavy Plow
35:27 Chain Mail Armor
35:24 Forging
36:07 Arson
36:23 Squires
37:58 Gold Shaft Mining
38:22 Plate Mail Armor
37:16 Elite Gbeto
38:17 Conscription
38:40 Iron Casting
38:38 Crop Rotation
38:49 Farimba
38:41 Town Watch
39:17 Scale Barding Armor
38:56 Heavy Camel Rider
39:48 Bloodlines
39:39 Husbandry
40:57 Light Cavalry
41:59 Chain Barding Armor
43:33 Plate Barding Armor
45:34 Fletching
Connection lost

Rejoining the realm…

Still unreachable

The connection could not be restored.

Session expired

The server has moved on; the page needs a fresh start.